 Dungeon Crawl Stone Soup version 0.21-a0-311-g9ae2175 (webtiles) character file.

816 Jannitor the Grave Robber (level 7, -1/48 HPs)
             Began as a Gnoll Wanderer on Sept 29, 2017.
             Was a Follower of Cheibriados.
             Slain by a crocodile (16 damage)
             ... on level 6 of the Dungeon.
             The game lasted 00:16:38 (6609 turns).

Jannitor the Grave Robber (Gnoll Wanderer)          Turns: 6609, Time: 00:16:39

Health: -1/48      AC:  8    Str: 24 (25) XL:     7   Next: 94%
Magic:  9/14       EV: 14    Int: 14 (15) God:    Cheibriados [*.....]
Gold:   151        SH:  5    Dex: 17 (18) Spells: 11/16 levels left

rFire    . . .     SeeInvis .   y - -3 war axe (curse)
rCold    . . .     Gourm    .   g - +0 buckler
rNeg     . . .     Faith    .   a - +2 scale mail
rPois    .         Spirit   .   (no helmet)
rElec    .         Reflect  .   (no cloak)
rCorr    .         Harm     .   (no gloves)
MR       .....                  (no boots)
Stlth    ..........             s - amulet of inaccuracy (curse)
HPRegen  0.16/turn              q - +4 ring of evasion
MPRegen  0.14/turn              j - ring of loudness (curse)

@: very slightly contaminated, heavily drained, very slow
A: distributed training, fangs 1, frail 1, strong 2, strong nose
a: Bend Time, Renounce Religion


You were on level 6 of the Dungeon.
You worshipped Cheibriados.
Cheibriados was aware of your devotion.
You were hungry.

You visited 1 branch of the dungeon, and saw 6 of its levels.

You collected 201 gold pieces.
You spent 50 gold pieces at shops.

Inventory:

Hand Weapons
 r - a +0 long sword
 u - a +0 flail of draining
 y - a cursed -3 war axe (weapon)
Missiles
 t - a throwing net (quivered)
Armour
 a - a +2 scale mail (worn)
 g - a +0 buckler (worn)
Jewellery
 j - a cursed ring of loudness (right hand)
 q - a +4 ring of evasion (left hand)
 s - a cursed amulet of inaccuracy (around neck)
Wands
 A - a wand of polymorph (3/24)
Scrolls
 e - a scroll of fear
 h - a scroll of noise {unknown}
 k - 5 scrolls of identify
 l - 2 scrolls of recharging {unknown}
 p - a scroll of fog {unknown}
 z - a scroll of amnesia
Potions
 i - 2 potions of resistance
 o - a potion of flight
 w - a potion of magic {unknown}
Books
 b - the Volume of Conjuration

   Spells                             Type                      Level
   a - Shock                          Conjuration/Air              1
   b - Conjure Flame                  Conjuration/Fire             3
 c - the Volume of Darkness

   Spells                             Type                      Level
   a - Animate Skeleton               Necromancy                   1
   b - Regeneration                   Charms/Necromancy            3
Comestibles
 d - 3 royal jellies
 f - 3 bread rations
 m - a meat ration


   Skills:
 + Level 4.0(2.6) Fighting
 + Level 3.3(1.8) Short Blades
 + Level 4.0(2.6) Long Blades
 + Level 2.0(0.6) Axes
 + Level 3.3(1.8) Maces & Flails
 + Level 3.3(1.8) Polearms
 + Level 2.8(1.4) Staves
 + Level 2.0(0.6) Slings
 + Level 3.5(2.0) Bows
 + Level 1.3(0.0) Crossbows
 + Level 3.3(1.8) Throwing
 + Level 4.5(3.0) Armour
 + Level 2.8(1.4) Dodging
 + Level 1.7(0.3) Stealth
   Level 0.0 Stabbing
 + Level 5.0(3.5) Shields
   Level 0.0 Traps
 + Level 3.1(1.6) Unarmed Combat
 + Level 5.2(3.7) Spellcasting
 + Level 2.8(1.4) Conjurations
 + Level 2.3(0.9) Hexes
 + Level 3.1(1.6) Charms
 + Level 2.8(1.4) Summonings
 + Level 7.1(5.5) Necromancy
 + Level 1.3(0.0) Translocations
 + Level 1.7(0.3) Transmutations
 + Level 2.0(0.6) Fire Magic
 + Level 2.8(1.4) Ice Magic
 + Level 2.3(0.9) Air Magic
 + Level 2.8(1.4) Earth Magic
 + Level 2.8(1.4) Poison Magic
 + Level 2.3(0.9) Invocations
 + Level 2.0(0.6) Evocations


You had 11 spell levels left.
You knew the following spells:

 Your Spells              Type           Power        Failure   Level  Hunger
a - Shock                 Conj/Air       #...         32%         1    None
b - Animate Skeleton      Necr           N/A          5%          1    None
c - Regeneration          Chrm/Necr      ##........   34%         3    ###....


Dungeon Overview and Level Annotations

Branches:
Dungeon (6/15)             Temple (0/1) D:6

Altars:
Ashenzari
Cheibriados
Fedhas
Gozag
Kikubaaqudgha
Okawaru
Sif Muna
Xom
Yredelemnul

Shops:
D:4 *

Annotations:
D:4 cirnu's ghost, amateur DsFi


Innate Abilities, Weirdness & Mutations

Your experience applies equally to all skills.
You have very sharp teeth.
Your uncanny sense of smell can sniff out nearby items.
You are frail. (-10% HP)
Your muscles are very strong. (Str +4)


Message History

Casting: Animate Skeleton
Confirm with . or Enter, or press ? or * to list all spells.
You miscast Regeneration.
You are very lightly contaminated with residual magic.
The air around you crackles with energy!
The crocodile completely misses you.
Casting: Regeneration
Confirm with . or Enter, or press ? or * to list all spells.
You miscast Regeneration.
You experience a momentary feeling of inescapable doom!
You block the crocodile's attack.
Casting: Regeneration
Confirm with . or Enter, or press ? or * to list all spells.
Okay, then.
Unknown command.
The crocodile barely misses you. You block the crocodile's attack.
You see here a leather armour.
The crocodile bites you!
You die...

.. ...# ### ####.###
#...# ... .#......#
#t..# ...#.#.##.#.#
#...# .....#.#....#
#...#
.....#.###..#####..?#
.....#.#............#
....##......######..##
......##.....[.t@....#
....#.#...........#.##
....#.#..########.#.#
....#.#... .#)#
....#.#... .#<#
.####.#....∆ .#.# [#
#.#...[ .#.# .#
#.#..... >#.# ## #.#


You could see a crocodile.

Vanquished Creatures
  2 phantoms (D:5)
  A sky beast (D:6)
  An ogre (D:4)
  A scorpion (D:5)
  A hound (D:5)
  An orc wizard (D:5)
  A bullfrog skeleton (D:5)
  2 worker ants (D:4)
  A hound skeleton (D:4)
  8 adders
  An ooze (D:2)
  2 worms (D:2)
  2 dart slugs
  2 leopard geckos (D:1)
  16 orcs
  4 ball pythons
  4 bats
  5 giant cockroaches
  6 goblins
  7 hobgoblins
  2 jackals (D:5)
  2 quokkas
  8 frilled lizards
  8 kobolds
  A quokka skeleton (D:5)
  7 rats
  A toadstool (D:1)
97 creatures vanquished.

Vanquished Creatures (collateral kills)
  A wyvern (D:5)
  An orc priest (D:5)
  2 orcs (D:5)
  A giant cockroach (D:3)
5 creatures vanquished.

Vanquished Creatures (others)
  3 toadstools (D:1)
3 creatures vanquished.

Grand Total: 105 creatures vanquished

Notes
Turn   | Place    | Note
-------+----------+-------------------------------------------
     0 | D:1      | Jannitor the Gnoll Wanderer began the quest for the Orb.
     0 | D:1      | Jannitor set off with: a +2 scale mail, the Volume of Conjuration, the Volume of Darkness, a +0 club, a bread ration
     0 | D:1      | Reached XP level 1. HP: 17/17 MP: 6/6
     0 | D:1      | Identified the Volume of Conjuration
     0 | D:1      | Identified the Volume of Darkness
   146 | D:1      | Reached XP level 2. HP: 21/23 MP: 7/7
   170 | D:1      | Reached skill level 1 in Long Blades
   248 | D:1      | Reached skill level 1 in Earth Magic
   263 | D:1      | Learned a level 1 spell: Animate Skeleton
   265 | D:1      | Learned a level 1 spell: Shock
   383 | D:1      | Reached skill level 1 in Air Magic
   665 | D:1      | Reached XP level 3. HP: 28/28 MP: 9/9
  1048 | D:2      | Reached skill level 1 in Throwing
  1137 | D:2      | Reached skill level 1 in Unarmed Combat
  1365 | D:2      | Reached skill level 1 in Ice Magic
  1419 | D:2      | Reached skill level 1 in Charms
  1432 | D:2      | Reached skill level 1 in Poison Magic
  1432 | D:2      | Reached XP level 4. HP: 24/34 MP: 7/10
  1434 | D:2      | Reached skill level 1 in Short Blades
  1472 | D:2      | Reached skill level 1 in Polearms
  1507 | D:2      | Reached skill level 5 in Spellcasting
  1554 | D:2      | Reached skill level 1 in Dodging
  1650 | D:2      | Found an iron altar of Okawaru.
  2022 | D:2      | Reached skill level 1 in Axes
  2022 | D:2      | Reached skill level 1 in Staves
  2033 | D:2      | Reached skill level 1 in Summonings
  2667 | D:3      | Reached skill level 1 in Transmutations
  2749 | D:3      | Reached skill level 1 in Maces & Flails
  2749 | D:3      | Reached XP level 5. HP: 29/39 MP: 9/12
  2806 | D:3      | Found an opulent altar of Gozag.
  2985 | D:3      | Learned a level 3 spell: Regeneration
  3063 | D:4      | Noticed a phantom
  3303 | D:4      | Noticed an ogre
  3328 | D:4      | Killed an ogre
  3328 | D:4      | Reached skill level 1 in Evocations
  3333 | D:4      | Reached skill level 1 in Stealth
  3333 | D:4      | Reached skill level 1 in Hexes
  3560 | D:4      | Noticed a phantom
  3588 | D:4      | Reached skill level 1 in Translocations
  3588 | D:4      | Reached XP level 6. HP: 23/46 MP: 4/13
  3594 | D:5      | Entered Level 5 of the Dungeon
  3652 | D:5      | Reached skill level 1 in Conjurations
  3652 | D:5      | Reached skill level 1 in Invocations
  3889 | D:4      | Found a blossoming altar of Fedhas.
  4074 | D:4      | Found a snail-covered altar of Cheibriados.
  4095 | D:4      | Became a worshipper of Cheibriados the Contemplative
  4117 | D:4      | Found Turopn's General Store.
  4121 | D:4      | Bought a potion of heal wounds for 50 gold pieces
  4524 | D:4      | Found a basalt altar of Yredelemnul.
  4578 | D:4      | Noticed cirnu's ghost (amateur DsFi)
  4579 | D:4      | Gained mutation: Your muscles are strong. (Str +2) [potion of mutation]
  4579 | D:4      | Gained mutation: Your muscles are very strong. (Str +4) [potion of mutation]
  4602 | D:5      | Killed a phantom
  4602 | D:5      | Reached skill level 1 in Slings
  4602 | D:5      | Reached skill level 1 in Crossbows
  4660 | D:5      | Reached XP level 7. HP: 48/51 MP: 14/14
  4679 | D:5      | Found a shattered altar of Ashenzari.
  4682 | D:5      | Found a shimmering altar of Xom.
  4685 | D:5      | Found an ancient bone altar of Kikubaaqudgha.
  4976 | D:5      | Reached * piety under Cheibriados
  5011 | D:5      | Reached skill level 7 in Necromancy
  5069 | D:5      | Noticed a wyvern
  5069 | D:5      | an orc wizard changed into a wyvern
  5087 | D:5      | Killed a wyvern
  5087 | D:5      | Reached skill level 1 in Fire Magic
  5095 | D:5      | Found a deep blue altar of Sif Muna.
  5620 | D:6      | HP: 2/52 [sky beast (5)]
  5638 | D:6      | Reached skill level 5 in Shields
  5641 | D:6      | Gained mutation: You are frail. (-10% HP) [mutagenic meat]
  6545 | D:6      | Found a staircase to the Ecumenical Temple.
  6609 | D:6      | Slain by a crocodile

Vault maps used:
D:1:      ldierk_water_garden, serial_co_window_serial,
          co_window_of_opportunity_a, co_window_paths_a, co_window_paths_a,
          co_window_paths_a, co_window_of_opportunity_a, co_window_paths_b,
          co_window_corner_a, co_window_of_opportunity_a, co_window_paths_a,
          co_window_cross_4, co_window_2corner, co_window_broadway_a,
          co_window_of_opportunity_b, co_window_paths_d, co_window_paths_e,
          glass_columns_b, glass_columns_b, glass_columns_a, glass_columns_a
D:2:      okawaru_trees_2, lemuel_old_faithful
D:3:      nicolae_overflow_hidden_temple
D:4:      kennysheep_slug_shrine, marbit_many_paths, lemuel_round_altar,
          serial_shops, nicolae_shop_crystal
D:5:      grunt_temple_overflow_diamond, tgw_sif, first_bread
D:6:      temple_pool_b

Skill      XL: |  1  2  3  4  5  6  7 |
---------------+----------------------+-----
Long Blades    | 2 3 4 |  4.0
Earth Magic    | 1 2 |  2.8
Air Magic      | 1 2 |  2.3
Throwing       | 1 2 3 |  3.3
Unarmed Combat | 1 2 3 |  3.1
Ice Magic      | 1 2 |  2.8
Charms         | 1 2 3 |  3.1
Poison Magic   | 1 2 |  2.8
Short Blades   | 1 2 3 |  3.3
Polearms       | 1 2 3 |  3.3
Spellcasting   | 5 |  5.2
Dodging        | 1 2 |  2.8
Axes           | 1 2 |  2.0
Staves         | 1 2 |  2.8
Summonings     | 1 2 |  2.8
Transmutations | 1 |  1.7
Maces & Flails | 1 2 3 |  3.3
Armour         | 3 4 |  4.5
Evocations     | 1 2 |  2.0
Stealth        | 1 |  1.7
Hexes          | 1 2 |  2.3
Translocations | 1 |  1.3
Conjurations   | 1 2 |  2.8
Invocations    | 2 |  2.3
Bows           | 3 |  3.5
Slings         | 1 2 |  2.0
Crossbows      | 1 |  1.3
Fighting       | 4 |  4.0
Necromancy     | 7 |  7.1
Fire Magic     | 2 |  2.0
Shields        | 5 |  5.0

Action                   |  1- 3 |  4- 6 |  7- 9 || total
-------------------------+-------+-------+-------++-------
Melee: Club              |   119 |   226 |       ||   345
       Bite              |    16 |    37 |    29 ||    82
       Long sword        |       |    52 |    16 ||    68
       War axe           |       |       |   175 ||   175
 Cast: Shock             |    11 |    23 |       ||    34
       Animate Skeleton  |     3 |     5 |     9 ||    17
       Regeneration      |       |     3 |       ||     3
Evoke: Wand              |       |       |     3 ||     3
  Use: Potion            |       |     3 |     9 ||    12
       Scroll            |       |     7 |       ||     7
 Stab: Invisible         |       |     4 |       ||     4
       Distracted        |       |       |     3 ||     3
  Eat: Chunk             |     2 |     6 |     5 ||    13
       Bread ration      |       |     1 |       ||     1
Armor: Scale mail        |    56 |    90 |    63 ||   209
       Skin              |       |       |    15 ||    15
Dodge: Dodged            |    57 |   171 |   146 ||   374
Block: Buckler           |    26 |    69 |    51 ||   146
       Rpst.: Long sword |       |    15 |     3 ||    18

Table legend:
 A = Spawn XP
 B = Non-spawn XP
 C = Spawn XP percentage of total XP
 D = Spawn monster count
 E = Non-spawn monster count
 F = Spawn count percentage of total count
 G = Total turns spent on level
                    A         B        C        D         E        F      G
               +---------+---------+-------+---------+---------+-------+---------
         Total |       0 |    1166 |   0.0 |       0 |     101 |   0.0 |  6609
               +---------+---------+-------+---------+---------+-------+---------
           D:1 |       0 |      42 |   0.0 |       0 |      24 |   0.0 |  1027
           D:2 |       0 |     106 |   0.0 |       0 |      30 |   0.0 |  1333
           D:3 |       0 |      21 |   0.0 |       0 |       5 |   0.0 |   861
           D:4 |       0 |     224 |   0.0 |       0 |       9 |   0.0 |  1189
           D:5 |       0 |     639 |   0.0 |       0 |      28 |   0.0 |  1877
           D:6 |       0 |     134 |   0.0 |       0 |       5 |   0.0 |   322
               +---------+---------+-------+---------+---------+-------+---------
